AoeStats
← Valentin

Arena

507547160Analyzed
4v4 RM · 12d ago on Sep 18, 2026· 44m 30s· 8 players
Game mode
Random Map
Map size
Large (8 player)
Population
200
Speed
Normal
Resources
Standard
Victory
Conquest
Starting age
Dark Age
Ending age
Imperial Age
RankedLock teamsTeams togetherTeam positionsShared explorationLock speedFull tech treeHidden civsTurbo modeCheats
Victory
Defeat
981
+15
🇨🇳 Byzantines · China
946
+16
🇦🇷 Italians · Argentina
933
+17
🇳🇱 Goths · Netherlands
904
+18
🇩🇪 Mongols · Germany
1006
-18
🇩🇪 Spanish · Germany
1001
-19
🇩🇪 Malians · Germany
958
-17
🇩🇪 Britons · Germany
848
-12
GUISO DE LENTEJAS
11:27 Feudal Age
17:09 Castle Age
17:07 Double-Bit Axe
17:30 Horse Collar
21:12 Wheelbarrow
20:56 Bow Saw
21:06 Heavy Plow
23:28 Hand Cart
25:39 Gold Mining
26:10 Stone Mining
26:43 Loom
26:46 Town Watch
28:13 Ballistics
27:48 Fletching
28:02 Padded Archer Armor
29:44 Stone Shaft Mining
31:51 Imperial Age
30:45 Town Patrol
31:57 Redemption
31:54 Bodkin Arrow
32:15 Leather Archer Armor
32:06 Scale Barding Armor
32:22 Elite Genoese Crossbowman
33:31 Silk Road
33:17 Caravan
33:47 Light Cavalry
34:37 Bloodlines
35:35 Bracer
39:06 Hussar
40:15 Chain Barding Armor
43:15 Plate Barding Armor
43:11 Ring Archer Armor
SKAY
0:27 Loom
10:14 Feudal Age
17:24 Castle Age
16:13 Double-Bit Axe
18:56 Horse Collar
28:52 Pikeman
34:29 Imperial Age
32:30 Heavy Plow
33:32 Wheelbarrow
33:02 Gold Mining
34:11 Anarchy
34:56 Forging
35:52 Hand Cart
37:20 Scale Mail Armor
38:11 Elite Huskarl
39:14 Conscription
39:35 Iron Casting
40:31 Squires
42:28 Crop Rotation
42:12 Bow Saw
43:12 Chain Mail Armor
Aegon the first of his name
9:38 Loom
12:05 Feudal Age
16:38 Castle Age
14:50 Double-Bit Axe
15:12 Horse Collar
15:46 Gold Mining
19:00 Bow Saw
19:33 Heavy Plow
21:03 Stone Mining
23:24 Wheelbarrow
23:47 Gold Shaft Mining
26:27 Hand Cart
27:35 Stone Shaft Mining
32:05 Imperial Age
31:05 Stirrups
31:24 Scale Barding Armor
31:30 Forging
32:00 Ballistics
33:01 Iron Casting
32:54 Heavy Scorpion
35:28 Chemistry
35:30 Siege Engineers
35:58 Crop Rotation
35:53 Conscription
36:24 Scale Mail Armor
37:19 Pikeman
38:01 Squires
38:49 Chain Barding Armor
38:45 Chain Mail Armor
38:56 Arson
40:19 Halberdier
40:55 Capped Ram
42:12 Chain Mail Armor
44:10 Blast Furnace
43:41 Plate Mail Armor
495556203
0:28 Loom
11:33 Feudal Age
12:53 Wheelbarrow
12:01 Horse Collar
12:10 Double-Bit Axe
12:17 Gold Mining
12:53 Stone Mining
19:36 Castle Age
19:25 Scale Barding Armor
19:30 Forging
20:47 Hand Cart
20:45 Bow Saw
20:38 Heavy Plow
25:52 Gold Shaft Mining
26:47 Stone Shaft Mining
28:34 Husbandry
27:55 Light Cavalry
33:31 Imperial Age
32:32 Chain Barding Armor
32:48 Iron Casting
32:14 Scale Mail Armor
35:34 Two-Man Saw
35:08 Crop Rotation
35:16 Plate Barding Armor
34:58 Chain Mail Armor
34:44 Heavy Camel Rider
35:47 Hussar
37:57 Plate Mail Armor
38:19 Elite Cataphract
39:39 Hoardings
40:10 Logistica
41:10 Fortified Wall
42:11 Murder Holes
42:02 Treadmill Crane
Andril
1:15 Loom
10:41 Feudal Age
16:02 Castle Age
14:33 Double-Bit Axe
15:37 Stone Mining
17:14 Bow Saw
17:56 Horse Collar
21:20 Wheelbarrow
28:17 Heavy Plow
28:09 Gold Mining
28:57 Stone Shaft Mining
28:16 Fletching
32:57 Imperial Age
32:16 Gold Shaft Mining
32:05 Hand Cart
32:15 Town Watch
33:19 Husbandry
33:29 Bloodlines
33:36 Tigui
34:57 Cavalier
leuler
8:28 Loom
11:57 Feudal Age
15:29 Castle Age
13:21 Double-Bit Axe
13:30 Horse Collar
14:40 Gold Mining
18:22 Bow Saw
18:14 Heavy Plow
21:41 Town Watch
21:37 Man-at-Arms
22:18 Squires
28:43 Fortified Wall
32:58 Imperial Age
30:44 Husbandry
30:56 Scale Barding Armor
31:51 Gold Shaft Mining
31:50 Forging
32:00 Bloodlines
32:39 Chain Barding Armor
33:57 Siege Engineers
35:14 Conscription
35:42 Iron Casting
35:40 Elite Steppe Lancer
37:54 Blast Furnace
38:06 Heavy Camel Rider
39:36 Thumb Ring
39:57 Parthian Tactics
39:23 Fletching
39:33 Padded Archer Armor
44:35 Bodkin Arrow
44:56 Leather Archer Armor
Valentin
8:47 Feudal Age
9:33 Double-Bit Axe
9:30 Horse Collar
18:42 Gold Mining
22:05 Castle Age
20:58 Stone Mining
22:10 Padded Archer Armor
22:03 Fletching
24:03 Wheelbarrow
24:29 Gold Shaft Mining
23:56 Heavy Plow
24:08 Bow Saw
24:58 Leather Archer Armor
24:38 Bodkin Arrow
27:28 Hand Cart
32:21 Imperial Age
33:48 Ring Archer Armor
35:26 Bracer
35:50 Ballistics
37:38 Elite Longbowman
42:24 Conscription
43:14 Chemistry
Infidel Pollo
1:35 Loom
11:40 Feudal Age
13:09 Wheelbarrow
12:23 Double-Bit Axe
12:44 Horse Collar
20:05 Castle Age
20:20 Bloodlines
20:23 Forging
20:19 Scale Barding Armor
21:34 Husbandry
22:31 Chain Barding Armor
25:40 Iron Casting
26:44 Gold Mining
30:18 Hand Cart
30:16 Bow Saw
30:09 Heavy Plow
30:02 Fletching
39:46 Bodkin Arrow
42:34 Imperial Age
39:50 Town Watch
42:17 Stone Mining
42:53 Town Patrol
43:51 Cavalier
Connection lost

Rejoining the realm…

Still unreachable

The connection could not be restored.

Session expired

The server has moved on; the page needs a fresh start.